 Dungeon Crawl Stone Soup version 0.27.0-66-gdc8fb28755 (console) character file.

Game seed: 8147147433830420669

90543 thromnambular the Cleaver (level 15, -15/122 HPs)
             Began as a Demonspawn Wanderer on Aug 20, 2021.
             Was a High Priest of Lugonu.
             Demolished by a vampire knight (19 damage)
             ... while paralysed by a vampire knight
             ... on level 15 of the Dungeon on Aug 21, 2021.
             The game lasted 01:45:23 (26858 turns).

thromnambular the Cleaver (Demonspawn Wanderer)    Turns: 26858, Time: 01:45:23

Health: -15/122    AC: 30    Str: 18    XL:     15   Next: 52%
Magic:  11/24      EV:  2    Int: 17    God:    Lugonu [*****.]
Gold:   805        SH:  0    Dex: 22    Spells: 8/22 levels left

rFire    . . .     SeeInvis .   c - +6 executioner's axe (vamp)
rCold    + . .     Faith    .   (shield currently unavailable)
rNeg     . . .     Spirit   .   J - +0 troll leather armour
rPois    .         Reflect  .   y - +1 hat {Stlth+}
rElec    .         Harm     .   Y - +0 cloak
rCorr    .         Rampage  .   t - +2 pair of gloves
Will     +....     Rnd*Rage +   U - +1 pair of boots
Stlth    +++.......             E - amulet of regeneration
HPRegen  2.30/turn              i - +6 ring of dexterity
MPRegen  0.19/turn              n - ring of protection from cold

@: paralysed, sanguine armoured
A: antennae 1, icemail 1, spiny 2, sanguine armour 3, condensation shield, agile
2, berserk 1, clever 1
a: Renounce Religion, Depart the Abyss, Bend Space, Banish, Corrupt, Enter the
Abyss


You were on level 15 of the Dungeon.
You worshipped Lugonu.
Lugonu was extremely pleased with you.
You visited 3 branches of the dungeon, and saw 23 of its levels.
You also visited: Gauntlet and Ice Cave.

You collected 2465 gold pieces.
You spent 1660 gold pieces at shops.

Inventory:

Hand Weapons
 c - a +6 vampiric executioner's axe (weapon)
 v - a +4 broad axe of draining
Missiles
 m - 91 poisoned darts (quivered)
 H - 5 throwing nets
Armour
 d - a +2 scale mail
 t - a +2 pair of gloves (worn)
 y - a +1 hat of stealth (worn)
 I - the +1 chain mail "Weyxolux" {Rampage rC+++ Str-3 Int-5}
   (You bought it in a shop on level 5 of the Dungeon)

   Str:       It affects your strength (-3).
   Int:       It affects your intelligence (-5).
   rC:        It renders you almost immune to cold.
   Rampage:   It bestows one free step when moving towards enemies.
 J - a +0 troll leather armour (worn)
 P - the +2 cloak of the Thief {*Fog Slay-2 SInv Stlth+}
   (You found it on level 4 of the Lair of Beasts)

   It may release a thick cloud of smoke when the wearer is hurt.
   Slay:      It affects your accuracy & damage with ranged weapons and melee
   (-2).
   SInv:      It lets you see invisible.
   Stlth:     It makes you more stealthy.
 U - a +1 pair of boots (worn)
 Y - a +0 cloak (worn)
Jewellery
 g - an amulet of magic regeneration
 i - a +6 ring of dexterity (left hand)
 n - a ring of protection from cold (right hand)
 D - a ring of see invisible
 E - an amulet of regeneration (around neck)
 Q - a ring of flight
Wands
 x - a wand of iceblast (27)
 z - a wand of charming (28)
 C - a wand of polymorph (7)
 K - a wand of flame (16)
 N - a wand of acid (14)
 R - a wand of mindburst (6)
 V - a wand of paralysis (10)
Scrolls
 j - 4 scrolls of amnesia
 p - 8 scrolls of teleportation
 q - a scroll of noise
 r - 2 scrolls of vulnerability
 s - a scroll of blinking
 G - 5 scrolls of fear
 L - 3 scrolls of identify
 O - 5 scrolls of magic mapping
 W - a scroll of silence
Potions
 a - 3 potions of attraction
 b - 6 potions of lignification
 e - a potion of haste
 f - a potion of flight
 h - 6 potions of curing
 l - 3 potions of heal wounds
 u - a potion of berserk rage
 w - 2 potions of brilliance
 A - 3 potions of magic
 F - 2 potions of ambrosia
 M - 4 potions of might
 T - a potion of invisibility
Miscellaneous
 k - a piece from Xom's chessboard (15/15)
 o - a condenser vane
 B - a phial of floods
 S - a phial of floods


   Skills:
 + Level 12.5 Fighting
 * Level 14.7(14.8) Axes
 - Level 3.2(10.5) Maces & Flails
 - Level 2.6(3.4) Staves
 - Level 1.0 Throwing
 - Level 11.6 Armour
 + Level 4.7 Dodging
 - Level 4.0 Shields
 - Level 4.0 Spellcasting
 + Level 7.6 Necromancy
 - Level 12.0 Invocations


You had 8 spell levels left.
You knew the following spells:

 Your Spells              Type           Power      Damage    Failure   Level
a - Animate Skeleton      Necr           58%        N/A       1%          1
b - Vampiric Draining     Necr           14%        2d8       2%          3
c - Dispel Undead         Necr           29%        3d13      8%          4
d - Pain                  Necr           100%       1d9       1%          1
e - Agony                 Necr           29%        N/A       22%         5

Your spell library contained the following spells:

 Spells                   Type           Power      Damage    Failure   Level
 Freeze                   Ice            12%        1d4       19%         1
 Magic Dart               Conj           12%        1d3       19%         1
 Sandblast                Erth           6%         2d5       19%         1
 Summon Small Mammal      Summ           12%        N/A       19%         1
 Passwall                 Tmut/Erth      2%         N/A       26%         2
 Searing Ray              Conj           6%         3d3       26%         2
 Static Discharge         Conj/Air       3%         N/A       26%         2
 Call Canine Familiar     Summ           3%         N/A       47%         3
 Dazzling Flash           Conj/Hex       6%         N/A       47%         3
 Frozen Ramparts          Ice            6%         1d2       47%         3
 Gell's Gravitas          Tloc           1%         N/A       47%         3
 Inner Flame              Hex/Fire       3%         N/A       47%         3
 Summon Guardian Golem    Hex/Summ       3%         N/A       47%         3
 Teleport Other           Tloc           3%         N/A       47%         3
 Cause Fear               Hex            1%         N/A       87%         4
 Fulminant Prism          Conj/Hex       1%         3d6       87%         4
 Hailstorm                Conj/Ice       3%         3d3       87%         4
 Sticky Flame             Conj/Fire      3%         2d3       87%         4
 Lee's Rapid Deconstruct  Erth           1%         3d5*      99%         5
 Silence                  Hex/Air        1%         N/A       99%         5
 Dispersal                Tloc           1%         N/A       100%        6
 Discord                  Hex            1%         N/A       100%        8


Dungeon Overview and Level Annotations

Branches:
Dungeon (15/15)            Temple (0/1) D:7            Lair (6/6) D:10
 Shoals (0/4) Lair:3       Spider (0/4) Lair:3        Slime (0/5) Lair:5
    Orc (2/2) D:9             Elf (0/3) Orc:2        Vaults (0/5) D:13
  IceCv (visited)         Gauntlet (visited)
 Depths: D:15

Altars:
Dithmenos
Elyvilon
Fedhas
Gozag
Hepliaklqana
Makhleb
Nemelex Xobeh
Okawaru
Ru
Sif Muna
Trog
Uskayaw
Zin
The Shining One
Beogh
Lugonu

Shops:
D:2 *   D:5 [   D:8 *   D:13 *   Orc:2 *(:*

Portals:
Abyss: Lair:6

Annotations:
D:5 3 runed translucent doors, Krazlmac's ghost, novice TrFi; Menkaure
D:9 corrupted
D:14 corrupted, 1 transporter
Abyss:1 Urug


Innate Abilities, Weirdness & Mutations

You have a pair of small antennae on your head.
A meltable icy envelope protects you from harm. (AC +4)
You are mostly covered in sharp spines.
When seriously injured, your bleeding wounds create very thick armour. (AC +12)
A meltable shield of frost defends you. (SH +4)
You are very agile. (Dex +4)
You tend to lose your temper in combat.
Your mind is acute. (Int +2)


Message History

You barely miss the vampire knight.
You hit the vampire knight but do no damage.
The vampire knight points at you and mumbles some strange words.
You suddenly lose the ability to move!
The vampire knight hits you with a +0 long sword!
The vampire knight bites you but does no damage.
The vampire knight hits you with a +0 great mace.
The vampire knight bites you but does no damage.
The vampire knight casts a spell.
The vampire knight flickers and vanishes!
Deactivating autopickup; reactivate with Ctrl-A.
The vampire knight hits you but does no damage.
The vampire knight bites you!
The vampire knight draws strength from your injuries!
Something hits you! Something bites you but does no damage.
The vampire knight is struck by your spines.
The vampire knight hits you with a +0 great mace!
* * * LOW HITPOINT WARNING * * *
The vampire knight bites you but does no damage.
Something hits you!
* * * LOW HITPOINT WARNING * * *
Something bites you but does no damage.
The vampire knight is struck by your spines.
The vampire knight completely misses you.
The vampire knight bites you but does no damage.
Something hits you!
* * * LOW HITPOINT WARNING * * *
Something bites you but does no damage.
The vampire knight points at you and mumbles some strange words.
You shrug off the repeated paralysis!
Something hits you but does no damage. Something bites you but does no damage.
The vampire knight hits you with a +0 great mace!
* * * LOW HITPOINT WARNING * * *
The vampire knight bites you but does no damage.
Something hits you.
* * * LOW HITPOINT WARNING * * *
Something bites you but does no damage.
The vampire knight is struck by your spines.
The vampire knight hits you with a +0 great mace!!
You die...

#... ..# #.#
..#######.#
#.#.....#.#
#....⌠VV#.# #.#
#.######
#.#######.##...
#.#.#.#.#..#.#
#V@{.........#
#######....#†#
######<# #.#
#.. ####


You could see a vampire knight.

Vanquished Creatures
  Gastronok (Lair:3)
  4 vault guards (D:13)
  2 hydras
  2 ogre magi (D:13)
  A boulder beetle (Lair:5)
  2 catoblepae
  A death knight (D:14)
  2 centaur warriors
  Erica (D:10)
  7 two-headed ogres
  6 death yaks (Lair:2)
  4 thrashing horrors (Lair:6)
  3 orc high priests
  4 skeletal warriors
  A phantasmal warrior (D:14)
  5 orc knights
  A necromancer (D:14)
  4 lindwurms (Lair:2)
  4 orc sorcerers (Orc:2)
  3 deep elf pyromancers
  2 cyclopes
  4 ugly things
  2 black mambas
  A gargoyle (D:13)
  3 smoke demons (Lair:6)
  6 cane toads
  A yaktaur (D:13)
  A kobold demonologist (D:11)
  9 rime drakes
  4 freezing wraiths
  3 unseen horrors
  2 ancient zymes (Lair:6)
  7 komodo dragons
  2 tengu conjurers (D:14)
  A guardian mummy (D:14)
  7 trolls
  4 polar bears (Lair:5)
  A polar bear (shapeshifter) (D:15)
  A tyrant leech (D:15)
  A merfolk (Lair:3)
  32 blink frogs
  13 dream sheep
  7 slime creatures
  Grinder (D:4)
  32 yaks
  A spriggan (Lair:6)
  A shadow (D:12)
  4 vampires
  4 wraiths
  2 wyverns
  2 ynoxinuls (Lair:6)
  Eustachio (D:6)
  5 basilisks
  2 fire elementals (D:14)
  2 chaos spawn (Lair:6)
  6 vampire mosquitoes
  2 large abominations (Lair:6)
  2 death yak simulacra (IceCv)
  A warg (Orc:2)
  2 acid dragons
  Duvessa (D:7)
  13 water moccasins
  3 black bears
  19 orc warriors
  An ice beast (D:8)
  7 ogres
  3 necrophages
  6 centaurs
  A kobold brigand (D:8)
  12 bullfrogs
  2 gnoll sergeants
  7 small abominations (Lair:6)
  A wyvern zombie (D:8)
  Dowan (D:7)
  A water moccasin zombie (D:6)
  A wyvern skeleton (D:6)
  2 elephant simulacra (IceCv)
  An electric eel (Lair:3)
  3 wights (D:7)
  A vampire bat (Lair:1)
  5 howler monkeys
  2 bullfrog zombies (D:7)
  3 centaur zombies
  3 jellies
  A gnoll shaman (D:7)
  15 orc priests
  3 hounds
  2 bullfrog skeletons
  A centaur skeleton (D:7)
  5 iguanas
  9 hell rats (Lair:1)
  24 orc wizards
  A polar bear simulacrum (IceCv)
  A wolf simulacrum (IceCv)
  A hound zombie (D:5)
  A hound skeleton (D:4)
  2 howler monkey zombies
  16 gnolls
  16 river rats (Lair:1)
  4 adders
  3 white imps
  3 ufetubi
  3 worms (D:2)
  A dart slug (D:2)
  85 orcs
  3 endoplasms
  3 giant cockroaches
  5 hobgoblins
  4 jackals
  10 quokkas
  3 ball pythons
  11 bats
  2 frilled lizards
  9 kobolds
  18 rats
  A spectral kobold (D:7)
  A bush (Lair:4)
608 creatures vanquished.

Vanquished Creatures (collateral kills)
  A cane toad (Lair:6)
  A blink frog (Lair:6)
2 creatures vanquished.

Vanquished Creatures (others)
  Azrael (D:14)
  Harold (D:9)
  A centaur warrior (D:14)
  A manticore (D:9)
  2 slime creatures (D:14)
  A fire elemental (D:14)
  A hell hound (D:14)
  2 orc warriors (D:9)
  5 centaurs
  2 orc wizards
  5 orcs (D:9)
  24 fungi
  39 plants
  10 starspawn tentacles
  2 withered plants (D:15)
97 creatures vanquished.

Grand Total: 707 creatures vanquished

Notes
Turn   | Place    | Note
-------+----------+-------------------------------------------
     0 | D:1      | thromnambular the Demonspawn Wanderer began the quest for
                  | the Orb.
     0 | D:1      | thromnambular set off with the following items: a +0 club,
                  | a potion of lignification, a +0 buckler, a +2 scale mail
     0 | D:1      | Reached XP level 1. HP: 16/16 MP: 1/1
   205 | D:1      | Gained mutation: You are partially covered in sharp spines.
                  | [demonic ancestry]
   205 | D:1      | Reached XP level 2. HP: 13/22 MP: 2/2
   210 | D:1      | Learned a level 1 spell: Animate Skeleton
   401 | D:1      | Found a faded altar of an unknown god.
   407 | D:1      | Became a worshipper of Lugonu the Unformed
   407 | D:1      | Reached * piety under Lugonu
   407 | D:1      | Reached ** piety under Lugonu
   991 | D:2      | Found Ajur's Assorted Antiques.
  1069 | D:2      | Reached skill level 1 in Invocations
  1069 | D:2      | Reached XP level 3. HP: 12/27 MP: 3/3
  2252 | D:3      | Gained mutation: When seriously injured, your bleeding
                  | wounds create armour. (AC +12) [demonic ancestry]
  2252 | D:3      | Reached XP level 4. HP: 29/33 MP: 5/5
  2724 | D:4      | Found a sacrificial altar of Ru.
  2757 | D:4      | Noticed a necrophage
  2781 | D:4      | Killed a necrophage
  2782 | D:4      | Reached XP level 5. HP: 35/38 MP: 5/7
  2911 | D:4      | Noticed Grinder
  2922 | D:4      | Killed Grinder
  2923 | D:4      | Gained mutation: A meltable shield of frost defends you.
                  | (SH +4) [demonic ancestry]
  2923 | D:4      | Reached XP level 6. HP: 34/44 MP: 8/8
  3481 | D:2      | Bought a runed broad axe for 140 gold pieces
  3930 | D:4      | Reached XP level 7. HP: 30/50 MP: 10/10
  4103 | D:5      | Entered Level 5 of the Dungeon
  4171 | D:5      | Found a shimmering blue altar of Sif Muna.
  4226 | D:5      | Learned a level 3 spell: Vampiric Draining
  4290 | D:5      | Found Kukafee's Antique Armour Emporium.
  4322 | D:5      | Reached skill level 1 in Axes
  4339 | D:5      | Reached *** piety under Lugonu
  4683 | D:5      | Reached skill level 5 in Invocations
  5066 | D:5      | Found a runed translucent gate.
  5066 | D:5      | Found a runed translucent gate.
  5068 | D:5      | Found a runed translucent gate.
  5069 | D:5      | Found an opulent altar of Gozag.
  5070 | D:5      | Noticed Krazlmac's ghost (novice TrFi)
  5071 | D:5      | Noticed a vampire
  5114 | D:6      | Noticed Menkaure
  5522 | D:6      | Reached skill level 2 in Axes
  5610 | D:6      | Gained mutation: You have a pair of small antennae on your
                  | head. [demonic ancestry]
  5610 | D:6      | Reached XP level 8. HP: 40/56 MP: 12/12
  5698 | D:6      | Found a shadowy altar of Dithmenos.
  6115 | D:6      | Reached skill level 3 in Axes
  6250 | D:6      | Reached skill level 5 in Armour
  6744 | D:6      | Noticed Eustachio
  6750 | D:6      | Killed Eustachio
  6755 | D:6      | Found a hide-covered altar of Uskayaw.
  7135 | D:7      | Found a staircase to the Ecumenical Temple.
  7146 | D:7      | Reached skill level 4 in Axes
  7739 | D:7      | Noticed Duvessa
  7754 | D:7      | Killed Duvessa
  7755 | D:7      | Gained mutation: When seriously injured, your bleeding
                  | wounds create thick armour. (AC +12) [demonic ancestry]
  7755 | D:7      | Reached XP level 9. HP: 54/61 MP: 13/15
  7848 | D:7      | Noticed Dowan
  7852 | D:7      | Killed Dowan
  7913 | D:7      | Found a burning altar of Makhleb.
  8024 | D:7      | Found a hazy altar of Hepliaklqana.
  8026 | D:7      | Reached **** piety under Lugonu
  8403 | D:8      | Reached skill level 5 in Axes
  8494 | D:8      | Found Gozag's Platinum Reserve.
  8495 | D:8      | Found an opulent altar of Gozag.
  8675 | D:8      | Reached skill level 1 in Necromancy
  8683 | D:8      | Found a blossoming altar of Fedhas.
  9189 | D:5      | Bought a pair of boots for 121 gold pieces
  9383 | D:9      | Found a staircase to the Orcish Mines.
  9568 | D:9      | Reached skill level 6 in Axes
  9568 | D:9      | Reached XP level 10. HP: 43/73 MP: 16/16
  9737 | D:9      | Learned a level 4 spell: Dispel Undead
  9799 | D:9      | Noticed a two-headed ogre
  9809 | D:9      | Killed a two-headed ogre
  9882 | D:9      | Reached skill level 5 in Fighting
  9957 | D:9      | Noticed Harold
  9979 | D:9      | Corrupted D:9
  9979 | D:9      | Noticed an orange demon
  9979 | D:9      | Noticed a thrashing horror
  9979 | D:9      | Noticed a tentacled starspawn
  9979 | D:9      | Noticed an apocalypse crab
  9979 | D:9      | Noticed a smoke demon
  9979 | D:9      | Noticed a tentacled starspawn
  9979 | D:9      | Noticed a worldbinder
  9982 | D:9      | Noticed a black mamba
  9985 | D:9      | Noticed a smoke demon
  9986 | D:9      | Killed Harold
  9987 | D:9      | Killed a manticore
 10068 | D:9      | Noticed a cacodemon
 10481 | D:9      | Reached skill level 5 in Necromancy
 10579 | D:10     | Entered Level 10 of the Dungeon
 10743 | D:10     | Noticed Urug
 10994 | D:10     | Noticed an oklob plant
 11124 | D:10     | Found an iron altar of Okawaru.
 11156 | D:10     | Reached skill level 7 in Axes
 11323 | D:5      | Bought an ichor-stained chain mail for 256 gold pieces
 11323 | D:5      | Identified the +1 chain mail "Weyxolux" {Rampage rC+++
                  | Str-3 Int-5} (You bought it in a shop on level 5 of the
                  | Dungeon)
 11522 | D:10     | Found a sparkling altar of Nemelex Xobeh.
 11570 | D:10     | Banished Urug
 11676 | D:10     | Noticed Erica
 11691 | D:10     | Killed Erica
 11692 | D:10     | Gained mutation: When seriously injured, your bleeding
                  | wounds create very thick armour. (AC +12) [demonic
                  | ancestry]
 11692 | D:10     | Reached XP level 11. HP: 55/83 MP: 17/17
 11944 | D:10     | Found a staircase to the Lair.
 12001 | D:10     | Banished an oklob plant
 12009 | Lair:1   | Entered Level 1 of the Lair of Beasts
 12021 | Lair:1   | Found a gate leading to a gauntlet.
 12030 | Gauntlet | Entered a Gauntlet
 12030 | Gauntlet | Found a transporter.
 12031 | Gauntlet | Noticed a wizard
 12037 | Gauntlet | Found a transporter.
 12038 | Gauntlet | Found a transporter.
 12041 | Gauntlet | Noticed a wizard
 12053 | Gauntlet | Found a transporter.
 12060 | Gauntlet | Found a transporter.
 12063 | Gauntlet | Found a transporter.
 12078 | Gauntlet | Noticed a blizzard demon
 12079 | Gauntlet | Found a transporter.
 12089 | Gauntlet | Found a transporter.
 12089 | Gauntlet | Noticed a wizard
 12090 | Gauntlet | Noticed a wizard
 12093 | Gauntlet | Found a transporter.
 12093 | Gauntlet | Found a transporter.
 12103 | Gauntlet | Found a runed translucent gate.
 12104 | Gauntlet | Found a transporter.
 12104 | Gauntlet | Found a runed translucent gate.
 12105 | Gauntlet | Found a runed translucent gate.
 12105 | Gauntlet | Found a transporter.
 12106 | Gauntlet | Noticed a sixfirhy
 12143 | Gauntlet | Found a transporter.
 12145 | Gauntlet | Noticed a red ugly thing
 12145 | Gauntlet | Noticed a brown ugly thing
 12145 | Gauntlet | Noticed a great orb of eyes
 12157 | Gauntlet | Found a transporter.
 12303 | Lair:1   | Noticed a four-headed hydra
 12318 | Lair:1   | Killed a five-headed hydra
 12407 | Lair:1   | Reached skill level 8 in Axes
 12445 | Lair:1   | Noticed a five-headed hydra
 12885 | Lair:1   | Banished a six-headed hydra
 13107 | Lair:1   | Reached ***** piety under Lugonu
 13421 | Lair:1   | Learned a level 1 spell: Pain
 13422 | Lair:1   | Identified the +6 falchion "Kuxzyfep" {venom, rC+ MP+9
                  | Str+4 Int+3}
 13751 | Lair:2   | Noticed a death yak
 13751 | Lair:2   | Noticed a death yak
 13822 | Lair:2   | Noticed an eight-headed hydra
 13823 | Lair:2   | Banished an eight-headed hydra
 14160 | Lair:2   | Noticed a death yak
 14160 | Lair:2   | Noticed a death yak
 14421 | Lair:2   | Noticed a death yak
 14433 | Lair:2   | Noticed a lindwurm
 14433 | Lair:2   | Noticed a lindwurm
 14434 | Lair:2   | Noticed a lindwurm
 14478 | Lair:2   | Killed a death yak
 14479 | Lair:2   | Reached skill level 9 in Axes
 14479 | Lair:2   | Gained mutation: A meltable icy envelope protects you from
                  | harm. (AC +4) [demonic ancestry]
 14479 | Lair:2   | Reached XP level 12. HP: 77/94 MP: 19/19
 14485 | Lair:2   | Killed a death yak
 14486 | Lair:2   | Reached skill level 10 in Invocations
 14527 | Lair:2   | Noticed a death yak
 14560 | Lair:2   | Killed a death yak
 14567 | Lair:2   | Killed a death yak
 14568 | Lair:2   | Reached skill level 1 in Spellcasting
 14579 | Lair:2   | Killed a death yak
 14589 | Lair:2   | Killed a death yak
 15066 | Lair:3   | Noticed Gastronok
 15115 | Lair:3   | Killed Gastronok
 15287 | Lair:3   | Found a hole to the Spider Nest.
 15373 | Lair:3   | Found a staircase to the Shoals.
 15397 | Lair:3   | Reached skill level 10 in Axes
 15915 | Lair:4   | Reached skill level 10 in Fighting
 16049 | Lair:4   | Identified a scroll of acquirement
 16049 | Lair:4   | Acquired a +2 vampiric executioner's axe
 16127 | Lair:4   | Noticed a five-headed hydra
 16129 | Lair:4   | Banished a five-headed hydra
 16130 | Lair:4   | Reached skill level 10 in Armour
 16156 | Lair:4   | Found the +2 cloak of the Thief {*Fog Slay-2 SInv Stlth+}
 16474 | Lair:4   | Gained mutation: You are mostly covered in sharp spines.
                  | [demonic ancestry]
 16474 | Lair:4   | Reached XP level 13. HP: 103/103 MP: 20/20
 17253 | Lair:5   | Found a staircase to the Slime Pits.
 17926 | Lair:5   | Reached skill level 11 in Axes
 18200 | Lair:6   | Entered Level 6 of the Lair of Beasts
 18764 | Lair:6   | Reached skill level 12 in Axes
 19866 | Lair:6   | Reached XP level 14. HP: 111/111 MP: 22/22
 20392 | Lair:6   | Found a corrupted altar of Lugonu.
 20392 | Lair:6   | Found a one-way gate to the infinite horrors of the Abyss.
 20737 | D:11     | You fall into a shaft and drop 1 floor!
 20830 | D:12     | Found a frozen archway.
 20840 | D:12     | Reached skill level 13 in Axes
 20845 | IceCv    | Entered an ice cave
 21676 | D:13     | Found Xiar's Gadget Gallery.
 22656 | D:13     | Found a gate to the Vaults.
 22862 | D:14     | Noticed Azrael
 22889 | D:14     | Corrupted D:14
 22889 | D:14     | Noticed a purple draconian shifter
 22889 | D:14     | Noticed a brown very ugly thing
 22889 | D:14     | Noticed a starcursed mass
 22889 | D:14     | Noticed a starcursed mass
 22889 | D:14     | Noticed a bone dragon
 22889 | D:14     | Noticed a reaper
 22889 | D:14     | Noticed a starcursed mass
 22889 | D:14     | Noticed a tentacled starspawn
 22892 | D:14     | Killed Azrael
 23455 | D:14     | Reached skill level 14 in Axes
 23537 | D:14     | Found a transporter.
 23922 | Orc:1    | Entered Level 1 of the Orcish Mines
 23978 | Orc:1    | Reached XP level 15. HP: 97/118 MP: 24/24
 24405 | Orc:2    | Entered Level 2 of the Orcish Mines
 24629 | Orc:2    | Found a bloodstained altar of Trog.
 24772 | Orc:2    | Found a staircase to the Elven Halls.
 25403 | Orc:2    | Gained mutation: You tend to lose your temper in combat. [a
                  | neqoxec]
 25403 | Orc:2    | Gained mutation: You sometimes lose the ability to read
                  | scrolls when taking damage. [a neqoxec]
 25410 | Orc:2    | Lost mutation: You sometimes lose the ability to read
                  | scrolls when taking damage. [potion of mutation]
 25410 | Orc:2    | Lost mutation: You tend to lose your temper in combat.
                  | [potion of mutation]
 25410 | Orc:2    | Gained mutation: You are agile. (Dex +2) [potion of
                  | mutation]
 25410 | Orc:2    | Gained mutation: Your mind is acute. (Int +2) [potion of
                  | mutation]
 25410 | Orc:2    | Gained mutation: You tend to lose your temper in combat.
                  | [potion of mutation]
 25410 | Orc:2    | Gained mutation: You are very agile. (Dex +4) [potion of
                  | mutation]
 25413 | Orc:2    | Found Zyiss's Book Shoppe.
 25413 | Orc:2    | Found Qaquaw's Assorted Antiques.
 25415 | Orc:2    | Found Bede's Assorted Antiques.
 25415 | Orc:2    | Found Xiecsi's Weapon Boutique.
 25421 | Orc:2    | Bought a book of the Senses for 512 gold pieces
 25423 | Orc:2    | Bought a scroll of teleportation for 72 gold pieces
 25423 | Orc:2    | Bought a curved silver wand for 96 gold pieces
 25423 | Orc:2    | Bought a scroll of enchant armour for 180 gold pieces
 25426 | Orc:2    | Bought a scroll of enchant weapon for 202 gold pieces
 25426 | Orc:2    | Bought a potion of curing for 81 gold pieces
 25433 | Orc:2    | Learned a level 5 spell: Agony
 26708 | D:15     | Entered Level 15 of the Dungeon
 26838 | D:15     | Found the +8 Vampire's Tooth {vamp}
 26852 | D:15     | Paralysed by a vampire knight for 7 turns
 26857 | D:15     | HP: 3/122 [vampire knight (8)]
 26858 | D:15     | Demolished by a vampire knight

Illustrated notes

Levels and vault maps discovered:
D:1:      amcnicky_arrival_underground_garden, layout_rooms,
          basic_ecumenical_altar
D:2:      layout_loops_corners, serial_shops, shop, serial_bayou_pond_d
D:3:      layout_basic
D:4:      layout_loops_ring, hangedman_ru_absence, kennysheep_cross_bottleneck,
          serial_bayou_pond_b, uniq_grinder
D:5:      layout_loops_ring, mainiacjoe_overflow_cross_hatched, serial_shops,
          shop, ebering_ghost_gozag, minivault_1
D:6:      layout_loops_cross, nicolae_dithmenos_shadow_blocks,
          mainiacjoe_overflow_24_doors, uniq_eustachio, uniq_menkaure
D:7:      layout_loops_corners, bloody_makhleb, zin_treasury,
          nicolae_hepliaklqana_monster_ancestors, minmay_temple_entry_wispy,
          uniq_duvessa
D:8:      layout_rooms, nicolae_gozag_zags_fifth_avenue,
          minmay_overflow_temple_star_quad
D:9:      layout_long_grid, david_orc_5, enter_bailey_2, special_room
          [special_room_orc], minivault_25, kennysheep_generic_room_4,
          uniq_harold
D:10:     layout_roguey, mainiacjoe_overflow_alcove_4,
          okawaru_ov_weapons_minmay, dpeg_oklobed_lair, uniq_urug, uniq_erica
D:11:     layout_loops_ring, kennysheep_kite_vault
D:12:     layout_loops_ring, portal_ice_cave_rime
D:13:     layout_roguey, grunt_vaults_entry_fortified, nicolae_shop_gadgets
D:14:     emtedronai_trogs_sanctum, layout_irregular_city, serial_bayou_pond_c,
          uniq_azrael
D:15:     gammafunk_depths_entry_grave, layout_loops_ring, minmay_hedge_maze,
          ebering_ghost_reflecting_pool, minmay_guarded_unrand_vampires_tooth,
          uniq_kirke
Lair:1:   lemuel_ratsnest, layout_regular_city, gauntlet_entry_generic,
          roderic_batcave
Lair:2:   layout_gridlike, minmay_lindwurm_lava
Lair:3:   layout_big_grid, elwin_shoals_entry_rooms,
          spider_nest_entry_web_field, uniq_gastronok
Lair:4:   layout_layer_cave, minmay_lair_oklob_items, minmay_lair_drake_nest
Lair:5:   layout_roguey, slime_dummy
Lair:6:   hellmonk_lair_end_abyssal_woods, layout_hall_layers
Orc:1:    layout_caves
Orc:2:    grunt_orc_tribal_feast, layout_caves, hangedman_feature_mirror

Skill      XL: |  1  2  3  4  5  6  7  8  9 10 11 12 13 14 15 |
---------------+----------------------------------------------+-----
Invocations    | 1 2 3 4 5 8 9 10 11 12 | 12.0
Maces & Flails | 2 3 |  3.2
Armour         | 2 3 4 5 6 8 10 11 | 11.6
Shields        | 2 3 4 |  4.0
Axes           | 2 4 6 7 9 10 12 14 | 14.7
Necromancy     | 3 6 7 |  7.6
Fighting       | 4 6 8 10 12 | 12.5
Dodging        | 4 |  4.7
Spellcasting   | 3 4 |  4.0
Staves         | |  2.6
Throwing       | |  1.0

Action                   |  1- 3 |  4- 6 |  7- 9 | 10-12 | 13-15 || total
-------------------------+-------+-------+-------+-------+-------++-------
Melee: Club              |   107 |       |       |       |       ||   107
       Whip              |    51 |    80 |       |       |       ||   131
       Broad axe         |       |     6 |   317 |   471 |       ||   794
       Executioner's axe |       |       |       |    19 |   816 ||   835
Throw: Throwing net      |     2 |       |       |       |       ||     2
       Dart              |       |    15 |    17 |    63 |    89 ||   184
 Cast: Animate Skeleton  |       |       |     2 |     4 |    26 ||    32
       Vampiric Draining |       |       |       |     3 |     2 ||     5
       Dispel Undead     |       |       |       |       |     4 ||     4
Invok: Bend Space        |       |       |     1 |       |       ||     1
       Banish            |       |       |     1 |     9 |    19 ||    29
       Corrupt           |       |       |       |     1 |     1 ||     2
Evoke: Wand              |       |       |       |    20 |    12 ||    32
       Condenser vane    |       |       |       |     1 |     1 ||     2
       Phial of floods   |       |       |       |     1 |     1 ||     2
       Piece from Xom's  |       |       |       |       |     1 ||     1
  Use: Scroll            |       |       |    10 |    20 |    14 ||    44
       Potion            |       |       |     4 |     3 |     8 ||    15
 Stab: Held in net/web   |     1 |       |       |       |       ||     1
       Sleeping          |       |       |       |     4 |     2 ||     6
       Invisible         |       |       |       |       |     2 ||     2
       Distracted        |       |       |       |       |     1 ||     1
Armor: Scale mail        |    80 |    37 |   164 |   148 |   531 ||   960
       Troll leather arm |       |       |       |    30 |    70 ||   100
Dodge: Dodged            |    65 |    23 |   114 |   191 |   547 ||   940
Block: Buckler           |    26 |    16 |   210 |   239 |       ||   491
       Other             |       |       |       |     2 |   178 ||   180
